 Dungeon Crawl Stone Soup version 0.24-a0-464-g6b2be6b8c7 (webtiles) character file.

Game seed: 12085657808723478093

179 Gargoyl the Skirmisher (level 5, 0/46 HPs)
             Began as a Centaur Abyssal Knight on July 3, 2019.
             Was a Follower of Lugonu.
             Succumbed to an orc wizard's poison
             ... on level 3 of the Dungeon.
             The game lasted 00:04:43 (2721 turns).

Gargoyl the Skirmisher (Centaur Abyssal Knight)     Turns: 2721, Time: 00:04:44

Health: 0/46       AC:  9    Str: 19    XL:     5   Next: 33%
Magic:  7/7        EV:  9    Int: 11    God:    Lugonu [*.....]
Gold:   221        SH:  0    Dex: 15    Spells: 4/4 levels left

rFire    . . .     SeeInvis .   a - +1 hand axe
rCold    . . .     Gourm    .   (no shield)
rNeg     . . .     Faith    .   f - +0 plate armour
rPois    .         Spirit   .   (no helmet)
rElec    .         Reflect  .   (no cloak)
rCorr    .         Harm     .   (no gloves)
MR       .....                  (no barding)
Stlth    ..........             (no amulet)
HPRegen  0.15/turn              (no ring)
MPRegen  0.10/turn              (no ring)

@: mighty, agile, lethally poisoned (0 -> -10), very quick
A: large, hooves 3, deformed body, speed 2, tough skin 3
a: Depart the Abyss, Renounce Religion


You were on level 3 of the Dungeon.
You worshipped Lugonu.
Lugonu was aware of your devotion.
You were hungry.

You visited 1 branch of the dungeon, and saw 3 of its levels.
You visited the Abyss 1 time.

You collected 221 gold pieces.

Inventory:

Hand Weapons
 a - a +1 hand axe (weapon)
Missiles
 b - 6 javelins (quivered)
Armour
 f - a +0 plate armour (worn)
Scrolls
 d - 2 scrolls of teleportation
Potions
 i - a potion of agility
Comestibles
 c - 4 rations


   Skills:
 + Level 4.1 Fighting
 + Level 2.6 Axes
 + Level 0.4 Throwing
 * Level 2.5 Armour
 * Level 1.1 Dodging
 * Level 2.7 Invocations


You had 4 spell levels left.
You didn't know any spells.
Your spell library was empty.

Dungeon Overview and Level Annotations

Branches:
Dungeon (3/15)

Altars:
Kikubaaqudgha
Makhleb
Vehumet


Innate Abilities, Weirdness & Mutations

You have hooves in place of feet.
Armour fits poorly on your strangely shaped body.
You cover ground very quickly.
You have extremely tough skin. (AC +3)


Message History

* * * LOW HITPOINT WARNING * * *
You feel sick.
* * * LOW HITPOINT WARNING * * *
You feel sick.
Found a ration.
A bat comes into view.
* * * LOW HITPOINT WARNING * * *
You feel sick.
Found a ring mail.
* * * LOW HITPOINT WARNING * * *
You feel sick.
* * * LOW HITPOINT WARNING * * *
You feel sick.
Found a scroll labeled TITOTE UHIWOP.
The bat barely misses you.
* * * LOW HITPOINT WARNING * * *
You feel sick. The bat hits you but does no damage.
Found a stone staircase leading down.
Unknown command.
You die...

##########)#######
####.........)..^...#
#........###...####.#
####.##.###.# #...# #.#
.........##.#.......##<#
.........b...........#.#
#....#.#.##.#..?.....#.#
#....#.#.##..........#.#
#..%....@.)..##......#.#
#...##.?.....>.......#.#
... #.#[###.##. #.#
#.#.# # #.# #.#.# # #.#
... ..#


You could see a bat.

Vanquished Creatures
  A small abomination (Abyss:2)
  A hound (D:2)
  An orc priest (D:3)
  An orc wizard (D:3)
  An adder (D:2)
  An ooze (D:1)
  A worm (D:3)
  A dart slug (D:2)
  2 orcs (D:3)
  A ball python (D:1)
  4 bats
  2 giant cockroaches (D:2)
  A goblin (D:1)
  6 hobgoblins (D:1)
  4 jackals (D:1)
  4 kobolds
  3 frilled lizards
  6 rats
41 creatures vanquished.

Notes
Turn   | Place    | Note
-------+----------+-------------------------------------------
     0 | Abyss:1  | Gargoyl the Centaur Abyssal Knight began the quest for the
                  | Orb.
     0 | Abyss:1  | Reached XP level 1. HP: 19/19 MP: 2/2
    27 | Abyss:2  | Found a corrupted altar of Lugonu.
    29 | Abyss:2  | Found a corrupted altar of Lugonu.
   100 | Abyss:2  | Noticed a small abomination
   123 | Abyss:2  | Killed a small abomination
   123 | Abyss:2  | Reached XP level 2. HP: 10/27 MP: 3/3
   123 | Abyss:2  | Reached XP level 3. HP: 12/33 MP: 4/4
   142 | Abyss:2  | Noticed a raiju
   173 | Abyss:2  | Noticed a small abomination
   201 | D:1      | Escaped the Abyss
   576 | D:1      | Reached * piety under Lugonu
  1712 | D:2      | Reached skill level 4 in Fighting
  1772 | D:2      | Found an ancient bone altar of Kikubaaqudgha.
  1904 | D:2      | Reached XP level 4. HP: 40/40 MP: 5/5
  2253 | D:2      | Found a radiant altar of Vehumet.
  2351 | D:2      | Found a burning altar of Makhleb.
  2360 | D:2      | Reached skill level 1 in Dodging
  2697 | D:3      | Reached XP level 5. HP: 8/46 MP: 6/6
  2717 | D:3      | HP: 2/46 [poisoned by an orc wizard]
  2721 | D:3      | Succumbed to an orc wizard's poison

Levels and vault maps discovered:
D:1:      dpeg_arrival_lava_altar, layout_loops_ring
D:2:      layout_basic, makhleb_heckhound_becter, vehumet_crystals,
          lemuel_doored_altar, grunt_decor_arrowhead
D:3:      layout_loops_ring, cheibrodos_sewer_entry_drain, uniq_terence

Skill      XL: |  1  2  3  4 |
---------------+-------------+-----
Axes           | 2 |  2.6
Fighting       | 4 |  4.1
Armour         | 2 |  2.5
Dodging        | 1 |  1.1
Throwing       | |  0.4
Invocations    | |  2.7

Action                   |  1- 3 |  4- 6 || total
-------------------------+-------+-------++-------
Melee: Hand axe          |    69 |    42 ||   111
       Kick              |     7 |     9 ||    16
Throw: Javelin           |     6 |       ||     6
Invok: Depart the Abyss  |     1 |       ||     1
  Use: Potion            |     2 |     4 ||     6
       Scroll            |     5 |     2 ||     7
  Eat: Chunk             |     1 |     2 ||     3
Armor: Skin              |     7 |       ||     7
       Plate armour      |    71 |    35 ||   106
       Leather armour    |     1 |       ||     1
Dodge: Dodged            |     7 |     5 ||    12

Table legend:
 A = Non-vault XP
 B = Vault XP
 C = Vault XP percentage of total XP
 D = Non-vault monster count
 E = Vault monster count
 F = Vault count percentage of total count
                 A         B        C        D         E       F
            +---------+---------+-------+---------+---------+-------
      Total |     212 |      45 |  17.5 |      40 |       1 |   2.4
            +---------+---------+-------+---------+---------+-------
        D:1 |      41 |       0 |   0.0 |      21 |       0 |   0.0
        D:2 |      31 |      45 |  59.2 |      13 |       1 |   7.1
        D:3 |      92 |       0 |   0.0 |       5 |       0 |   0.0
    Abyss:2 |      48 |       0 |   0.0 |       1 |       0 |   0.0
            +---------+---------+-------+---------+---------+-------
